 Dungeon Crawl Stone Soup version 0.30-a0-782-ge64f9170bb (webtiles) character file.

Game seed: 9078757383742455302

167 mopl the Vexing (level 5, -3/28 HPs)
             Began as a Deep Elf Enchanter on Mar 13, 2023.
             Slain by an ogre (13 damage)
             ... on level 2 of the Dungeon.
             The game lasted 00:04:34 (2781 turns).

mopl the Vexing (Deep Elf Enchanter)                Turns: 2781, Time: 00:04:35

Health: -3/28      AC:  5    Str:  5    XL:     5   Next: 23%
Magic:  12/13      EV: 12    Int: 22    God:
Gold:   191        SH:  0    Dex: 15    Spells: 2/13 levels left

rFire   + . .      SeeInvis .    a - +9 dagger of the Yoke {pain, Drain rN++ Will+ rCorr}
rCold   . . .      Faith    .    (no shield)
rNeg    + + .      Spirit   .    b - +0 robe
rPois   .          Reflect  .    r - +2 helmet
rElec   .          Harm     .    k - scarf {shadows}
rCorr   +          Rampage  .    (no gloves)
Will    +....                    (no boots)
Stlth   +++                      (no amulet)
HPRegen 0.24/turn                s - ring of protection from fire
MPRegen 0.13/turn                (no ring)

@: no status effects
A: no striking features
a: no special abilities


You were on level 2 of the Dungeon.
You visited 1 branch of the dungeon, and saw 4 of its levels.

You collected 191 gold pieces.

Inventory:

Hand Weapons
 a - the +9 dagger of the Yoke (weapon) {pain, Drain rN++ Will+ rCorr}
   (You found it on level 2 of the Dungeon)

   rN:        It greatly protects you from negative energy.
   rCorr:     It protects you from acid and corrosion.
   Drain:     It drains your maximum health when unequipped.
   Will:      It increases your willpower.
 o - a +1 dagger
Missiles
 j - 6 poisoned darts
 q - a throwing net
Armour
 b - a +0 robe (worn)
 k - a scarf of shadows (worn)
 r - a +2 helmet (worn)
Jewellery
 s - a ring of protection from fire (left hand)
Scrolls
 d - 3 scrolls of teleportation {unknown}
 i - 4 scrolls of identify {unknown}
 l - a scroll of fog {unknown}
 m - 2 scrolls of silence {unknown}
 p - a scroll of butterflies {unknown}
 t - a scroll of torment {unknown}
 u - a scroll of fear {unknown}
 v - a scroll of enchant weapon {unknown}
 w - a scroll of vulnerability {unknown}
Potions
 c - 2 potions of invisibility
 e - 3 potions of curing {unknown}
 f - 2 potions of heal wounds {unknown}
 g - a potion of attraction {unknown}
 h - a potion of might {unknown}
 n - a potion of degeneration {unknown}


   Skills:
 + Level 2.6 Short Blades
 - Level 2.4 Dodging
 + Level 4.9 Stealth
 + Level 4.5 Spellcasting
 + Level 5.2 Hexes


You had 2 spell levels left.
You knew the following spells:

 Your Spells              Type           Power      Damage    Failure   Level
a - Dazzling Flash        Conj/Hex       32%        N/A       11%         3
b - Ensorcelled Hibernat  Hex/Ice        32%        N/A       5%          2
c - Confusing Touch       Hex            28%        N/A       3%          3
d - Tukima's Dance        Hex            28%        N/A       3%          3

Your spell library contained the following spells:

 Spells                   Type           Power      Damage    Failure   Level
 Kindle Blastsparks       Fire/Tloc/Air  10%        2d10      32%         3
 Flame Wave               Conj/Fire      5%         2d5       71%         4
 Starburst                Conj/Fire      2%         6d3       100%        6


Dungeon Overview and Level Annotations

Branches:
Dungeon (4/15)
 Temple: D:4-7

Altars:

Annotations:
D:2 Terence
D:3 fly


Message History

You climb downwards.
Found a scroll labelled RIMEOC XILLIOKO.
There is a stone staircase leading up here.
An endoplasm is nearby!
The helpless endoplasm fails to defend itself.
You impale the endoplasm!!
You kill the endoplasm!
w - a scroll labelled RIMEOC XILLIOKO An ogre comes into view.
It is wielding a +0 giant spiked club.
Casting: Ensorcelled Hibernation (safe; 5% risk of failure)
Confirm with . or Enter, or press ? or * to list all spells.
Aiming: Tukima's Dance (dangerous; 3% risk of failure)
Press: ? - help, Shift-Dir - straight line, f - ogre
Aim: an ogre, wielding a +0 giant spiked club (asleep, chance to affect: 59%)
The +0 giant spiked club dances into the air!
Casting: Tukima's Dance (dangerous; 3% risk of failure)
Confirm with . or Enter, or press ? or * to list all spells.
Okay, then.
The ogre hits your +0 giant spiked club!
The ogre hits your +0 giant spiked club!!
Your +0 giant spiked club falls from the air.
There is a stone staircase leading up here.
The ogre looks drowsy...
The ogre shouts!
The ogre hits you!
Ouch! That really hurt!
There is a stone staircase leading up here.
The ogre hits you.
You climb upwards.
Level annotation: fly
There is a stone staircase leading down here.
There is an escape hatch in the ceiling here.
The ogre hits you! A mysterious force pulls you upwards.
The hatch slams shut behind you.
Level annotation: Terence
Items here: ))))) [.
Things that are here:
a +0 club; a +0 club The ogre attacks as you move away!
The ogre hits you!
You die...

####.##....###.# #.#
...#...........# #.# ##########
##.####.##.####### #.# #.........
#...###.##.......###.###.######..
.....#.........)......##.# #..
.....#..########.###..##.# #..
.....#..# #)# #..##.#######.
........# #O# #..........##.
.......## #@# #...#.####.##.
##.##### #<# #...#.# #.##. ##.##
#)# #...#.####.##. #...####
#.###.......##.##. ..#....#
#.........#.##.##. #...##.#
#####.#.###.##.### ##.###.#
#.#........# ##.# #.#
#.#.###.#### ...# #.# #.#.###.#


You could see an ogre.

Vanquished Creatures
  Robin (D:2)
  4 gnolls (D:2)
  5 adders
  3 worms
  2 dart slugs (D:1)
  4 endoplasms
  2 giant cockroaches (D:2)
  12 goblins
  6 hobgoblins
  2 kobolds
  4 ball pythons
  4 bats
  3 frilled lizards
  12 rats
64 creatures vanquished.

Vanquished Creatures (others)
  2 dancing weapons
2 creatures vanquished.

Grand Total: 66 creatures vanquished

Notes
Turn   | Place    | Note
-------+----------+-------------------------------------------
     0 | D:1      | mopl the Deep Elf Enchanter began the quest for the Orb.
     0 | D:1      | Reached XP level 1. HP: 10/10 MP: 6/6
   176 | D:1      | Found a faded altar of an unknown god.
   401 | D:1      | Reached XP level 2. HP: 15/15 MP: 8/8
   404 | D:1      | Learned a level 2 spell: Ensorcelled Hibernation
   672 | D:1      | Reached skill level 4 in Stealth
  1223 | D:2      | Reached XP level 3. HP: 19/19 MP: 7/10
  1227 | D:2      | Learned a level 3 spell: Confusing Touch
  1231 | D:2      | Learned a level 3 spell: Tukima's Dance
  1308 | D:2      | Reached skill level 2 in Short Blades
  1356 | D:2      | Reached skill level 4 in Spellcasting
  1356 | D:2      | Reached XP level 4. HP: 24/24 MP: 6/12
  1369 | D:2      | Identified the +9 dagger of the Yoke {pain, Drain rN++
                  | Will+ rCorr}
  1417 | D:2      | Noticed Terence
  1576 | D:2      | Noticed Robin
  1704 | D:2      | Killed Robin
  1952 | D:2      | Reached skill level 5 in Hexes
  2136 | D:3      | Reached XP level 5. HP: 28/28 MP: 11/13
  2200 | D:3      | Got the Omnibus of Wildfire
  2713 | D:3      | Learned a level 3 spell: Dazzling Flash
  2748 | D:4      | Noticed an ogre
  2781 | D:2      | Slain by an ogre

Illustrated notes

Levels and vault maps discovered:
D:1:      saegor_arrival_simple_a, layout_loops_corners, serial_forest,
          infiniplex_forest_straight_4, infiniplex_forest_clump_C,
          infiniplex_forest_zigzag_2, infiniplex_forest_clump_large,
          dreamdust_ecumenical_altar_angels_and_demons, minmay_rat_gold_closets
D:2:      layout_loops_ring, uniq_terence, uniq_robin
D:3:      layout_basic, corexii_item_surrounded_by_moat, hangedman_decor_push
D:4:      minmay_polygon_palace, layout_layer_cave,
          nemelex_diamond_rough_becter, lemuel_coloured_pillars_altar,
          minmay_temple_entry_arrows, serial_shops, nicolae_shop_crystal

Skill      XL: |  1  2  3  4 |
---------------+-------------+-----
Stealth        | 4 |  4.9
Short Blades   | 2 |  2.6
Spellcasting   | 4 |  4.5
Hexes          | 5 |  5.2
Dodging        | |  2.4

Action                     |  1- 3 |  4- 6 || total
---------------------------+-------+-------++-------
  Melee: Dagger            |    67 |    59 ||   126
         Punch             |     1 |       ||     1
   Cast: Ensorcelled Hiber |     9 |    11 ||    20
         Tukima's Dance    |     1 |     1 ||     2
   Stab: Sleeping          |    16 |    11 ||    27
         Distracted        |       |     2 ||     2
 Armour: Robe              |    11 |    19 ||    30
  Dodge: Dodged            |    37 |    39 ||    76

Table legend: (Time is in decaauts)
 A = Elapsed time spent in this place.
 B = Non-inter-level travel time spent in this place.
 C = Inter-level travel time spent in this place.
 D = Time resting spent in this place.
 E = Time spent auto-exploring this place.
 F = Levels seen in this place.
 G = Mean time per level.
                   A        B        C        D        E       F      G
               +--------+--------+--------+--------+--------+-----+--------+
         Total |   2769 |   2630 |    139 |     98 |   1941 |   4 |  692.2 |
       Dungeon |   2769 |   2630 |    139 |     98 |   1941 |   4 |  692.2 |
               +--------+--------+--------+--------+--------+-----+--------+

Top non-repeatable levels by time:
     D:1: 1186 daAuts
     D:2: 877 daAuts
     D:3: 686 daAuts
     D:4: 19 daAuts
